 Dungeon Crawl Stone Soup version 0.16.1-5-gaa23807 (webtiles) character file.

140578 vatarom the Slicer (level 17, -22/96 HPs)
             Began as a Vine Stalker Assassin on Mar 28, 2015.
             Was the Champion of Okawaru.
             Shot with a bolt by a naga sharpshooter (26 damage)
             ... led by Vashnia
             ... on level 4 of the Snake Pit.
             The game lasted 01:12:32 (25286 turns).

vatarom the Slicer (Vine Stalker Assassin)         Turns: 25286, Time: 01:12:32

Health: -22/96     AC: 17    Str: 22    XL:     17   Next: 31%
Magic:  0/30       EV: 25    Int:  9    God:    Okawaru [******]
Gold:   3063       SH:  9    Dex: 19    Spells: 0 memorised, 16 levels left

rFire  + + .     SeeInvis .     H - +10 rapier "Jasmen" {elec, rElec MR+ Int-2}
rCold  . . .     Rnd*Rage +     z - +3 salamander hide armour {+Rage rF++}
rNeg   + . .     SustAb   .     S - +0 buckler
rPois  +         Gourm    .     F - +0 hat
rElec  +         Spirit   +     c - +1 cloak "Skesseo" {rElec}
rCorr  +         Warding  .     T - +2 pair of gloves of Truypn {rN+ Regen+ rCorr}
rMut   .         Stasis   .     A - +1 pair of boots
MR     +++..                    G - amulet of regeneration
Stlth  +++++.....               M - ring of poison resistance
                                a - +4 ring of strength

@: heroism, finesse, very slightly contaminated, hasted, very quick, extremely
resistant to hostile enchantments, quite stealthy
A: fangs 3, berserk 1, regeneration 3, wild magic 1, magic shield, antimagic
bite, no device heal 3, rot immunity
a: Heroism, Finesse, Renounce Religion, Evoke Berserk Rage


You were on level 4 of the Snake Pit.
You worshipped Okawaru.
Okawaru was exalted by your worship.
You were near starving.

You visited 5 branches of the dungeon, and saw 29 of its levels.

You collected 3461 gold pieces.
You spent 398 gold pieces at shops.

Inventory:

Hand weapons
 b - a +0 blowgun
 H - the +10 rapier "Jasmen" (weapon) {elec, rElec MR+ Int-2}
   (You bought it in a shop on level 8 of the Dungeon)

   Occasionally, upon striking a foe, it will discharge some electrical energy
   and cause terrible harm.
   It affects your intelligence (-2).
   It insulates you from electricity.
   It affects your resistance to hostile enchantments.
 J - a +8 quick blade
Missiles
 d - 4 tomahawks of returning (quivered)
 e - 124 poisoned needles
 v - 4 needles of frenzy
 Y - 7 needles of sleeping
Armour
 c - the +1 cloak "Skesseo" (worn) {rElec}
   (You bought it in a shop on level 4 of the Dungeon)

   It insulates you from electricity.
 z - the +3 salamander hide armour (worn) {+Rage rF++}
   (Okawaru gifted it to you on level 6 of the Lair of Beasts)

   It greatly protects you from fire.
   It lets you go berserk.
 A - a +1 pair of boots (worn)
 F - a +0 hat (worn)
 S - a +0 buckler (worn)
 T - the +2 pair of gloves of Truypn (worn) {rN+ Regen+ rCorr}
   (You found it on level 8 of the Lair of Beasts)

   It protects you from negative energy.
   It increases your rate of regeneration.
   It protects you from acid and corrosion.
Jewellery
 a - a +4 ring of strength (left hand)
 f - an uncursed ring of teleport control
 o - an uncursed ring of stealth
 q - an uncursed ring of protection from fire
 B - an uncursed ring of protection from magic
 G - an amulet of regeneration (around neck)
 M - a ring of poison resistance (right hand)
 P - an uncursed ring of ice
Magical devices
 t - a wand of random effects (25)
 y - a wand of frost (21)
Scrolls
 g - 2 scrolls of magic mapping
 k - 4 scrolls of identify
 p - 3 scrolls of enchant armour
 s - 4 scrolls of amnesia
 K - 13 scrolls of remove curse
 V - a scroll of recharging
 Z - 3 scrolls of fog
Potions
 m - 4 potions of agility
 r - 5 potions of restore abilities
 w - 7 potions of curing
 C - a potion of magic
 D - a potion of invisibility
 E - 2 potions of cancellation
 I - a potion of berserk rage
Books
 h - a book of Ice

   Spells                             Type                      Level
   a - Ice Form                       Ice/Transmutation            4
   b - Metabolic Englaciation         Hexes/Ice                    5
   c - Ozocubu's Refrigeration        Ice                          6
   d - Bolt of Cold                   Conjuration/Ice              6
   e - Freezing Cloud                 Conjuration/Ice/Air          6
   f - Simulacrum                     Ice/Necromancy               6
 W - a book of Death

   Spells                             Type                      Level
   a - Corpse Rot                     Necromancy                   2
   b - Sublimation of Blood           Necromancy                   2
   c - Agony                          Necromancy                   5
   d - Dispel Undead                  Necromancy                   5
   e - Excruciating Wounds            Charms/Necromancy            5
   f - Bolt of Draining               Conjuration/Necromancy       5
Miscellaneous
 x - a phantom mirror
 U - a sack of spiders {used: 2}
Comestibles
 i - a slice of pizza
 j - 29 beef jerkies
 l - 8 fruits
 n - 10 meat rations
 u - 2 royal jellies


   Skills:
 + Level 13.6(18.6) Fighting
 + Level 13.9(18.9) Short Blades
 - Level 6.2(11.2) Throwing
 - Level 9.8(14.8) Armour
 - Level 9.9(14.9) Dodging
 - Level 6.1(11.1) Stealth
 - Level 10.7(15.7) Shields
 + Level 8.0 Invocations


You had 16 spell levels left.
You didn't know any spells.

Dungeon Overview and Level Annotations

Branches:
Dungeon (12/15)            Temple (1/1) D:7            Lair (8/8) D:8
 Shoals (0/5) Lair:6        Snake (4/5) Lair:3        Slime (0/6) Lair:8
    Orc (4/4) D:10            Elf (0/3) Orc:4

Altars:
Cheibriados
Dithmenos
Elyvilon
Fedhas
Gozag
Kikubaaqudgha
Makhleb
Nemelex Xobeh
Okawaru
Qazlal
Ru
Sif Muna
Trog
Xom
Yredelemnul
Zin
Jiyva

Shops:
D:4 [   D:6 (?((   D:8 %(!(   Orc:2 [**   Orc:4 [*:*

Portals:
Pandemonium: Orc:4

Annotations:
Snake:4 Vashnia


Innate Abilities, Weirdness & Mutations

You have razor-sharp teeth.
You regenerate.
When hurt, damage is shared between your health and your magic reserves.
Your bite disrupts and absorbs the magic of your enemies.
Potions and wands cannot restore your health.
You are immune to rotting.
You tend to lose your temper in combat.
Your spells are a little harder to cast, but a little more powerful.


Message History

You hit Vashnia. Your bite misses Vashnia.
Vashnia is heavily wounded.
You completely miss Vashnia.
Vashnia is heavily wounded.
You closely miss Vashnia. Your bite misses Vashnia.
Vashnia is heavily wounded.
The naga sharpshooter unwields an uncursed battleaxe.
The naga sharpshooter wields a runed arbalest.
The naga sharpshooter gestures wildly while chanting.
The naga sharpshooter magically shoots a bolt.
You block the bolt.
You hit Vashnia! You bite Vashnia.
Vashnia's magic leaks into the air.
You drain her magic.
You feel invigorated.
Vashnia is heavily wounded.
Vashnia shoots an arrow.
The arrow hits you!!
* * * LOW HITPOINT WARNING * * *
The naga sharpshooter gestures wildly while chanting.
The naga sharpshooter magically shoots a bolt.
The bolt hits you!!
You die...

#..#........#..........#
#..##.....<.#..........#
##..#.......##'###.#.###
####............#####..
# #....................
#.#'##.###.##.###.#...#
#....###(######.#######
#..NN........... #..
#..NN@(......... ###
#..NN...........#
#...####........#
#.....'..'.......##
......#..#.......# ....
#..#.......# .. #.
#.......# . .. #.......#
## #.......### ###


You could see Vashnia, 4 naga sharpshooters and a naga.

Vanquished Creatures
  Saint Roka (Snake:2)
  Rupert (Lair:5)
  A greater naga (Snake:3)
  Donald (Orc:4)
  Louise (Snake:2)
  Snorg (Orc:3)
  Josephine (D:11)
  6 hydras
  Fannar (Lair:2)
  5 anacondas
  7 naga warriors
  A catoblepas (Lair:8)
  6 orc high priests (Orc:4)
  18 death yaks
  Urug (D:11)
  5 shock serpents
  6 naga sharpshooters
  2 soul eaters (Orc:4)
  A salamander mystic (Snake:3)
  3 skeletal warriors (D:12)
  A gelid demonspawn (Orc:4)
  A giant orange brain (D:10)
  An infernal demonspawn (Orc:4)
  An unseen horror (D:10)
  2 ice devils (Orc:4)
  4 sea snakes (Snake:3)
  2 hill giants
  A naga ritualist (Snake:2)
  8 orc sorcerers
  An ugly thing (D:12)
  4 manticores
  8 salamanders
  4 orc knights (Orc:4)
  2 cyclopes
  3 griffons
  A sixfirhy (Orc:4)
  A guardian serpent (Snake:3)
  2 mana vipers
  A centaur zombie (D:11)
  3 sirens (Lair:6)
  Joseph (D:11)
  15 elephants
  22 black mambas
  An orange demon (Orc:4)
  A queen ant (Lair:4)
  2 torpor snails
  A gargoyle (D:12)
  11 komodo dragons
  10 spiny frogs
  8 naga magi
  A kobold demonologist (D:10)
  8 fire drakes
  3 trolls
  A merfolk (Lair:6)
  10 polar bears
  Grinder (D:6)
  8 blink frogs
  3 raiju (Lair:8)
  7 basilisks
  2 ynoxinuls (Orc:4)
  73 yaks
  2 shadows (D:12)
  6 wyverns
  A fire elemental (Lair:7)
  5 wraiths (D:11)
  11 hippogriffs
  Grum (D:8)
  A mottled dragon (Lair:2)
  20 wolves
  15 nagas
  5 soldier ants (Lair:4)
  Edmund (D:4)
  Menkaure (D:4)
  10 wargs
  28 water moccasins
  37 orc warriors
  9 porcupines
  4 ice beasts
  8 spiders (Snake:1)
  2 hell hounds (Lair:8)
  16 black bears
  An eye of draining (D:12)
  5 sky beasts
  10 ogres
  2 phantoms
  11 crocodiles
  A necrophage (D:9)
  11 centaurs
  Sigmund (D:4)
  18 giant frogs
  4 brain worms (D:10)
  3 big kobolds
  5 scorpions
  A warg zombie (Orc:1)
  5 wights (D:6)
  6 killer bees
  3 goliath beetles
  3 jellies
  2 giant frog zombies
  4 crimson imps
  3 electric eels
  A lava snake (Lair:7)
  49 orc priests
  26 hounds
  32 orc wizards
  8 iguanas
  15 worker ants
  6 sheep
  A wasp simulacrum (D:12)
  2 ogre zombies
  Terence (D:3)
  3 hound skeletons
  A worker ant zombie (D:7)
  27 adders
  5 gnolls
  58 river rats
  3 shadow imps
  A white imp (D:12)
  An ufetubus (Orc:4)
  A worm (D:2)
  An adder skeleton (D:6)
  11 giant geckos
  An ooze (D:2)
  205 orcs
  7 giant cockroaches
  17 hobgoblins
  7 jackals
  35 kobolds
  22 quokkas
  17 bats
  4 giant newts
  A giant spore (D:9)
  31 goblins
  A jackal skeleton (D:5)
  6 orc zombies
  A quokka skeleton (D:4)
  11 rats
  2 ballistomycetes (D:9)
  A plant (Lair:8)
1213 creatures vanquished.

Vanquished Creatures (others)
  A spider (Lair:7)
  A giant mite (Orc:4)
  6 fungi
  6 plants
14 creatures vanquished.

Grand Total: 1227 creatures vanquished

Notes
Turn   | Place    | Note
--------------------------------------------------------------
     0 | D:1      | vatarom, the Vine Stalker Assassin, began the quest for the Orb.
     0 | D:1      | Reached XP level 1. HP: 11/11 MP: 1/1
   122 | D:1      | Reached skill level 5 in Stealth
   223 | D:1      | Reached XP level 2. HP: 10/15 MP: 3/3
   857 | D:2      | Reached XP level 3. HP: 18/18 MP: 4/4
  1423 | D:3      | Reached skill level 6 in Stealth
  1423 | D:3      | Reached XP level 4. HP: 23/23 MP: 5/5
  1861 | D:3      | Found a white marble altar of Elyvilon.
  1913 | D:3      | Noticed Terence
  1956 | D:3      | Killed Terence
  2069 | D:3      | Reached XP level 5. HP: 26/26 MP: 7/7
  2359 | D:4      | Found a burning altar of Makhleb.
  2359 | D:4      | Found a shimmering altar of Xom.
  2531 | D:4      | Gained mutation: You heal very quickly. [vine stalker growth]
  2531 | D:4      | Reached XP level 6. HP: 22/32 MP: 4/8
  2544 | D:4      | Noticed Sigmund
  2672 | D:4      | Killed Sigmund
  2789 | D:4      | Noticed Edmund
  2806 | D:4      | Killed Edmund
  2806 | D:4      | Reached XP level 7. HP: 33/37 MP: 9/9
  2816 | D:4      | Noticed Menkaure
  2829 | D:4      | Killed Menkaure
  2829 | D:4      | Reached skill level 5 in Short Blades
  2983 | D:4      | Found Zeruren's Antique Armour Shop.
  3407 | D:4      | Found an iron altar of Okawaru.
  3435 | D:4      | Became a worshipper of Warmaster Okawaru
  3461 | D:5      | Entered Level 5 of the Dungeon
  3529 | D:5      | Reached skill level 5 in Fighting
  3533 | D:5      | Gained mutation: Your magical capacity is low (-10% MP). [mutagenic meat]
  3534 | D:5      | Gained mutation: Your flesh is cold resistant. [mutagenic meat]
  3669 | D:5      | Gained mutation: You have razor-sharp teeth. [vine stalker growth]
  3669 | D:5      | Reached XP level 8. HP: 41/43 MP: 9/9
  3920 | D:5      | Found an opulent altar of Gozag.
  4299 | D:5      | Acquired Okawaru's first power
  4305 | D:5      | Gained mutation: You are resistant to hostile enchantments. [mutagenic meat]
  4306 | D:5      | Gained mutation: Your body is slowly deteriorating. [mutagenic meat]
  4440 | D:6      | Found Qaba's Magic Scroll Boutique.
  4448 | D:6      | Reached skill level 7 in Short Blades
  4464 | D:6      | Found Befiudung's Antique Weapon Boutique.
  4589 | D:6      | Reached XP level 9. HP: 44/49 MP: 8/10
  4741 | D:6      | Found a sacrificial altar of Ru.
  4761 | D:6      | Found Lahijeh's Weapon Emporium.
  5123 | D:6      | Found Saphep's Weapon Boutique.
  5191 | D:6      | Noticed Grinder
  5251 | D:6      | Killed Grinder
  5251 | D:6      | Reached skill level 8 in Short Blades
  5746 | D:7      | Noticed a hill giant
  5973 | D:7      | Reached skill level 1 in Dodging
  5995 | D:7      | Killed a hill giant
  5995 | D:7      | Received a gift from Okawaru
  6180 | D:7      | Reached skill level 5 in Dodging
  6180 | D:7      | Reached XP level 10. HP: 56/56 MP: 11/11
  6572 | D:4      | Bought an ichor-stained cloak for 209 gold pieces
  6572 | D:4      | Identified the +1 cloak "Skesseo" {rElec} (You bought it in a shop on level 4 of the Dungeon)
  6713 | D:7      | Found a staircase to the Ecumenical Temple.
  6749 | Temple   | Entered the Ecumenical Temple
  7219 | D:8      | Found an ancient bone altar of Kikubaaqudgha.
  7278 | D:8      | Found a staircase to the Lair.
  7327 | D:8      | Noticed Grum
  7328 | D:8      | Killed Grum
  7383 | D:8      | Found Gaduirph's Weapon Shoppe.
  7384 | D:8      | Lost mutation: Your magical capacity is low (-10% MP). [mutagenic meat]
  7385 | D:8      | Gained mutation: Your spells are a little harder to cast, but a little more powerful. [mutagenic meat]
  7410 | D:8      | Received a gift from Okawaru
  7559 | D:8      | Reached skill level 9 in Dodging
  7559 | D:8      | Reached XP level 11. HP: 60/60 MP: 15/15
  7713 | D:8      | Found Vodoetegh's Armour Shoppe.
  7731 | D:8      | Got a dazzling whip
  7736 | D:8      | Identified the +10 whip of Sharkskin {pain, rN+ Stlth+} (You found it on level 8 of the Dungeon)
  7764 | D:8      | Found Qahaumam's Antique Weapon Shop.
  7783 | D:8      | Bought a jewelled rapier for 189 gold pieces
  7783 | D:8      | Identified the +10 rapier "Jasmen" {elec, rElec MR+ Int-2} (You bought it in a shop on level 8 of the Dungeon)
  7796 | D:8      | Acquired Okawaru's second power
  7880 | D:8      | Found a blossoming altar of Fedhas.
  7891 | D:8      | Found a snail-covered altar of Cheibriados.
  8065 | D:8      | Found Veats' Distillery.
  8173 | D:8      | Found Cesabe's Food Shop.
  8331 | D:8      | Found a glowing silver altar of Zin.
  8332 | D:8      | Found a deep blue altar of Sif Muna.
  9101 | D:10     | Entered Level 10 of the Dungeon
  9229 | D:10     | Received a gift from Okawaru
  9367 | D:10     | Noticed a giant orange brain
  9378 | D:10     | Killed a giant orange brain
  9952 | D:10     | Found a staircase to the Orcish Mines.
 10024 | D:11     | Noticed Urug
 10025 | D:11     | Killed Urug
 10025 | D:11     | Gained mutation: You regenerate. [vine stalker growth]
 10025 | D:11     | Reached XP level 12. HP: 67/67 MP: 16/16
 10082 | D:11     | Reached skill level 10 in Short Blades
 10091 | D:11     | Noticed a hill giant
 10099 | D:11     | Killed a hill giant
 10203 | D:11     | Received a gift from Okawaru
 10203 | D:11     | Reached skill level 10 in Fighting
 10274 | D:11     | Noticed Josephine
 10294 | D:11     | Killed Josephine
 10490 | D:11     | Noticed Joseph
 10495 | D:11     | Killed Joseph
 10880 | D:12     | Reached skill level 11 in Short Blades
 10929 | D:12     | Received a gift from Okawaru
 11190 | D:12     | Received a gift from Okawaru
 11194 | D:12     | Got a fine triple crossbow {god gift}
 11195 | D:12     | Identified the +10 triple crossbow of Fate {freeze, Str-5 Int+5 Stlth+} (Okawaru gifted it to you on level 12 of the Dungeon)
 11399 | D:10     | Killed an unseen horror
 11453 | D:10     | Reached XP level 13. HP: 64/74 MP: 13/17
 11588 | Lair:1   | Entered Level 1 of the Lair of Beasts
 11769 | Lair:1   | Reached skill level 12 in Short Blades
 12197 | Lair:2   | Gained mutation: You tend to lose your temper in combat. [potion of mutation]
 12612 | Lair:2   | Noticed Fannar
 12629 | Lair:2   | Killed Fannar
 13185 | Lair:3   | Reached skill level 5 in Throwing
 13190 | Lair:3   | Found a staircase to the Snake Pit.
 13616 | Lair:3   | Received a gift from Okawaru
 13622 | Lair:3   | Got a scorched helmet {god gift}
 13628 | Lair:3   | Identified the +2 helmet of Okawaru's Generosity {MR- Regen+ Dex-4 SInv Stlth+} (Okawaru gifted it to you on level 3 of the Lair of Beasts)
 13716 | Lair:4   | Reached skill level 1 in Shields
 13728 | Lair:4   | Reached skill level 1 in Armour
 14835 | Lair:5   | Reached XP level 14. HP: 79/79 MP: 18/18
 14892 | Lair:5   | Lost mutation: You are resistant to hostile enchantments. [potion of cure mutation]
 14892 | Lair:5   | Lost mutation: Your flesh is cold resistant. [potion of cure mutation]
 14892 | Lair:5   | Lost mutation: Your body is slowly deteriorating. [potion of cure mutation]
 15092 | Lair:5   | Noticed Rupert
 15113 | Lair:5   | Killed Rupert
 15163 | Lair:5   | Reached skill level 5 in Shields
 15279 | Lair:5   | Identified Shym's Tome of Cloudy Poison
 15450 | Lair:6   | Received a gift from Okawaru
 15450 | Lair:6   | Reached skill level 5 in Armour
 15730 | Lair:6   | Found a staircase to the Shoals.
 15988 | Lair:6   | Received a gift from Okawaru
 16125 | Lair:6   | Found a stormy altar of Qazlal.
 17327 | Lair:8   | Entered Level 8 of the Lair of Beasts
 17412 | Lair:8   | Found a staircase to the Slime Pits.
 17413 | Lair:8   | Found a viscous altar of Jiyva.
 17596 | Lair:8   | Reached XP level 15. HP: 84/84 MP: 19/19
 17612 | Lair:8   | Received a gift from Okawaru
 18100 | Lair:8   | Received a gift from Okawaru
 18341 | Lair:8   | Got a steaming long sword
 18350 | Lair:8   | Identified the cursed +2 long sword of Xom's Regard {antimagic, SInv} (You found it on level 8 of the Lair of Beasts)
 18388 | Lair:8   | Reached skill level 10 in Shields
 18549 | Lair:8   | Identified a scroll of acquirement
 18560 | Lair:8   | Got a pair of faintly humming gloves
 18571 | Lair:8   | Identified the +2 pair of gloves of Truypn {rN+ Regen+ rCorr} (You found it on level 8 of the Lair of Beasts)
 18754 | Lair:8   | Received a gift from Okawaru
 19151 | Orc:1    | Entered Level 1 of the Orcish Mines
 19431 | Orc:1    | Received a gift from Okawaru
 19964 | Orc:2    | Found Cliank's Antique Armour Emporium.
 19966 | Orc:2    | Found Jisut's Assorted Antiques.
 20011 | Orc:2    | Found Mearu's General Store.
 20199 | Orc:3    | Received a gift from Okawaru
 20252 | Orc:3    | Noticed Snorg
 20269 | Orc:3    | Killed Snorg
 20617 | Orc:4    | Entered Level 4 of the Orcish Mines
 20617 | Orc:4    | Noticed Donald
 20642 | Orc:4    | Killed Donald
 20773 | Orc:4    | Found a staircase to the Elven Halls.
 20886 | Orc:4    | Found Yskul's General Store.
 20887 | Orc:4    | Found Asaomaif's General Store.
 21190 | Orc:4    | Reached skill level 1 in Invocations
 21217 | Orc:4    | Reached XP level 16. HP: 25/88 MP: 16/21
 21797 | Orc:4    | Received a gift from Okawaru
 21806 | Orc:4    | Got a translucent scale mail {god gift}
 21877 | Orc:4    | Found Chuiff's Book Boutique.
 21877 | Orc:4    | Found Zeqiol's Antique Armour Shop.
 21882 | Orc:4    | Found a one-way gate leading to the halls of Pandemonium.
 21929 | Orc:4    | Identified the -1 scale mail of the King of the Hill {rPois rF+ Str-5 Dex+4} (Okawaru gifted it to you on level 4 of the Orcish Mines)
 22158 | Snake:1  | Entered Level 1 of the Snake Pit
 22167 | Snake:1  | Got a creamy pearl robe
 22178 | Snake:1  | Identified the +2 robe of the Voivode {rC+ MR+} (You found it on level 1 of the Snake Pit)
 22693 | Snake:2  | Noticed Louise
 22714 | Snake:2  | Killed Louise
 22714 | Snake:2  | Reached skill level 13 in Short Blades
 22725 | Snake:2  | Reached skill level 5 in Invocations
 23190 | Snake:2  | Received a gift from Okawaru
 23229 | Snake:2  | Noticed Saint Roka
 23256 | Snake:2  | Killed Saint Roka
 23381 | Snake:2  | Received a gift from Okawaru
 23923 | Snake:2  | Received a gift from Okawaru
 24041 | Snake:3  | Reached XP level 17. HP: 95/95 MP: 22/29
 25059 | Snake:4  | Received a gift from Okawaru
 25062 | Snake:4  | Got a faintly humming chain mail {god gift}
 25063 | Snake:4  | Identified the +8 chain mail of Ygukuim {Regen+ Str+6 Int-2 Dex+3} (Okawaru gifted it to you on level 4 of the Snake Pit)
 25265 | Snake:4  | Noticed Vashnia
 25286 | Snake:4  | HP: 4/96 [Vashnia/arrow (12)]
 25286 | Snake:4  | Shot with a bolt by a naga sharpshooter

Action                   |  1- 3 |  4- 6 |  7- 9 | 10-12 | 13-15 | 16-18 || total
-------------------------+-------+-------+-------+-------+-------+-------++-------
Melee: Dagger            |   136 |    75 |    43 |       |       |       ||   254
       Short sword       |       |    76 |   262 |   341 |       |       ||   679
       Rapier            |       |       |       |   455 |  1606 |   687 ||  2748
       Whip              |       |       |       |    10 |       |       ||    10
 Fire: Blowgun           |     3 |    16 |    10 |     5 |       |       ||    34
       Triple crossbow   |       |       |       |       |     2 |       ||     2
Throw: Javelin           |       |       |       |     4 |       |       ||     4
Invok: Heroism           |       |       |       |       |     3 |     4 ||     7
       Finesse           |       |       |       |       |       |     1 ||     1
 Abil: Evoke Berserk Rag |       |       |       |       |     2 |     1 ||     3
Evoke: Wand              |       |       |     1 |       |       |       ||     1
       Sack of spiders   |       |       |       |       |     1 |     1 ||     2
  Use: Potion            |     4 |     3 |     3 |     1 |    12 |     3 ||    26
       Scroll            |     1 |     8 |     2 |    18 |    20 |     3 ||    52
 Stab: Sleeping          |     4 |     8 |    15 |    23 |    41 |    15 ||   106
       Distracted        |     1 |     1 |       |     1 |     6 |     1 ||    10
       Paralysed         |       |       |     1 |       |       |       ||     1
       Petrifying        |       |       |       |       |     1 |       ||     1
  Eat: Bread ration      |     1 |     1 |     2 |     4 |    10 |     4 ||    22
       Chunk             |       |       |     4 |     2 |       |     2 ||     8
       Pizza             |       |       |       |       |     2 |       ||     2
       Meat ration       |       |       |       |       |     1 |       ||     1
       Beef jerky        |       |       |       |       |     1 |       ||     1
